 Dungeon Crawl Stone Soup version bcrawl-1.27.6 (webtiles) character file.

Game seed: 7764315683225513248

143352 Faustar the Skirmisher (level 4, -1/41 HPs)
             Began as a Ghoul Abyssal Knight on Sept 27, 2020.
             Was a Believer of Lugonu.
             Slain by a sky beast (2 damage)
             ... on level 3 of the Dungeon.
             The game lasted 00:03:29 (1799 turns).

Faustar the Skirmisher (Ghoul Abyssal Knight)       Turns: 1799, Time: 00:03:29

Health: -1/41      AC:  9    Str: 16    XL:     4   Next: 73%
Magic:  4/4        EV: 10    Int:  7    God:    Lugonu [**....]
Gold:   103        SH:  0    Dex:  8    Spells: 3/3 levels left

rFire    . . .     SeeInvis .   a - +1 mace
rCold    + . .     Gourm    .   (no shield)
rNeg     + + +     Faith    .   i - +0 ring mail
rPois    ∞         Spirit   .   (no helmet)
rElec    .         Reflect  .   h - +2 cloak
rCorr    .         Harm     .   g - +0 pair of gloves
MR       .....                  (no boots)
Stlth    ..........             (no amulet)
HPRegen  0.00/turn              (no ring)
MPRegen  0.09/turn              (no ring)

@: rotting
A: rotting body, claws 1, carnivore, cold resistance 1, negative energy
resistance 3, inhibited regeneration, torment resistance, unbreathing
a: Depart the Abyss, Bend Space, Banish, Renounce Religion


You were on level 3 of the Dungeon.
You worshipped Lugonu.
Lugonu was pleased with you.
You were not hungry.

You visited 1 branch of the dungeon, and saw 3 of its levels.
You visited the Abyss 1 time.

You collected 103 gold pieces.

Inventory:

Hand Weapons
 a - a +1 mace (weapon)
Missiles
 c - 10 tomahawks of dispersal {=f}
 d - 263 stones (quivered)
 r - 45 exploding tomahawks
Armour
 b - a +0 leather armour
 g - a +0 pair of gloves (worn)
 h - a +2 cloak (worn)
 i - a +0 ring mail (worn)
Scrolls
 f - 2 scrolls of teleportation {unknown}
 m - 4 scrolls of identify
 q - a scroll of enchant weapon {unknown}
 s - a scroll of remove curse {unknown}
 u - a scroll of immolation {unknown}
Potions
 j - 2 potions of magic {unknown}
 k - 4 potions of curing {unknown}
 l - a potion of cancellation {unknown}
 n - a potion of flight {unknown}
 o - a potion of brilliance {unknown}
 p - a potion of resistance {unknown}
 t - a potion of berserk rage {unknown}
 v - a potion of degeneration {unknown}
Comestibles
 e - 5 rations {!d}


   Skills:
 + Level 4.7 Fighting
 + Level 3.3 Maces & Flails
 - Level 0.8 Throwing
 - Level 1.7 Armour
 - Level 0.8 Dodging
 - Level 2.1 Invocations


You had 3 spell levels left.
You didn't know any spells.
Your spell library was empty.

Dungeon Overview and Level Annotations

Branches:
Dungeon (3/12)

Altars:
Ashenzari


Innate Abilities, Weirdness & Mutations

Your body is rotting away.
You thrive on raw meat.
You are immune to poison.
You have sharp fingernails.
You are carnivorous and can eat meat at any time.
Your flesh is cold resistant. (rC+)
You are immune to negative energy. (rN+++)
You do not regenerate when monsters are visible.
You are immune to unholy pain and torment.
You can survive without breathing.


Message History

You closely miss something. Something hits you but does no damage.
You hit something. Something hits you. Something shocks you.
* * * LOW HITPOINT WARNING * * *
You closely miss something. Something hits you but does no damage.
A sky beast appears from thin air!
Reactivating autopickup.
The sky beast hits you but does no damage.
You hit the sky beast but do no damage.
The sky beast is severely wounded.
The sky beast hits you but does no damage.
You hit the sky beast.
The sky beast is almost dead.
The sky beast hits you.
* * * LOW HITPOINT WARNING * * *
The sky beast shocks you.
* * * LOW HITPOINT WARNING * * *
You barely miss the sky beast.
The sky beast is almost dead.
The sky beast hits you.
You die...

........<.##
#........##
#........[#
######.÷÷......#
........)......#
..#####.........#
.......÷#.##.#..#
........#.##.##.##(
........#..@Y......
........######...##
........# ...#
........# ..# ## ..
#.......# ..# #. ..
..##..... .. #. ..
##.#.. ..!.. #....


You could see a sky beast.

Vanquished Creatures
  A hound (D:3)
  An adder (D:3)
  An ooze (D:2)
  2 dart slugs
  4 leopard geckos
  An orc (D:2)
  A ball python (D:1)
  A giant cockroach (D:1)
  4 goblins
  2 hobgoblins
  8 jackals (D:2)
  7 kobolds
  A quokka (D:3)
  8 bats
  3 frilled lizards
  A rat (D:2)
46 creatures vanquished.

Notes
Turn   | Place    | Note
-------+----------+-------------------------------------------
     0 | Abyss:1  | Faustar the Ghoul Abyssal Knight began the quest for the
                  | Orb.
     0 | Abyss:1  | Reached XP level 1. HP: 19/19 MP: 1/1
    11 | D:1      | Escaped the Abyss
   200 | D:1      | Reached XP level 2. HP: 26/26 MP: 2/2
   679 | D:2      | Reached XP level 3. HP: 28/33 MP: 3/3
   719 | D:2      | Reached skill level 4 in Fighting
   768 | D:2      | Reached ** piety under Lugonu
   991 | D:2      | Found a shattered altar of Ashenzari.
  1624 | D:3      | Noticed a sky beast
  1692 | D:3      | Reached XP level 4. HP: 36/41 MP: 4/4
  1798 | D:3      | HP: 1/41 [sky beast (5)]
  1799 | D:3      | Slain by a sky beast

Skill      XL: |  1  2  3 |
---------------+----------+-----
Maces & Flails | 2 3 |  3.3
Fighting       | 4 |  4.7
Throwing       | |  0.8
Armour         | |  1.7
Dodging        | |  0.8
Invocations    | |  2.1

Action                   |  1- 3 |  4- 6 || total
-------------------------+-------+-------++-------
Melee: Mace              |   143 |    61 ||   204
  Eat: Chunk             |    12 |     9 ||    21
Armor: Leather armour    |     7 |       ||     7
       Ring mail         |   116 |    56 ||   172
Dodge: Dodged            |   122 |    47 ||   169
